 Dungeon Crawl Stone Soup version 0.22.0-49-gab54619 (webtiles) character file.

704 vatarom the Charmwright (level 7, -4/56 HPs)
             Began as a Gnoll Skald on Sept 8, 2018.
             Was a Follower of Ru.
             Killed by divine providence
             ... invoked by an orc priest
              (12 damage)
             ... on level 6 of the Dungeon.
             The game lasted 00:08:13 (5056 turns).

vatarom the Charmwright (Gnoll Skald)               Turns: 5056, Time: 00:08:14

Health: -4/56      AC:  4    Str: 21    XL:     7   Next: 66%
Magic:  13/15      EV: 16    Int: 15    God:    Ru [*.....]
Gold:   338        SH:  0    Dex: 14    Spells: 6/17 levels left

rFire    . . .     SeeInvis .   s - +0 halberd
rCold    . . .     Gourm    .   (shield currently unavailable)
rNeg     . . .     Faith    .   b - +0 leather armour
rPois    .         Spirit   .   n - +0 helmet
rElec    .         Reflect  .   h - +0 cloak
rCorr    .         Harm     .   (no gloves)
MR       .....                  (no boots)
Stlth    ++........             c - amulet of regeneration
HPRegen  0.58/turn              p - +4 ring of protection
MPRegen  0.14/turn              v - +2 ring of evasion

@: mighty, flying, very slightly contaminated
A: distributed training, fangs 1, reduced AC 1, strong nose
a: Renounce Religion


You were on level 6 of the Dungeon.
You worshipped Ru.
Ru was aware of your devotion.
You were not hungry.

You visited 2 branches of the dungeon, and saw 7 of its levels.

You collected 338 gold pieces.

Inventory:

Hand Weapons
 s - a +0 halberd (weapon)
Armour
 b - a +0 leather armour (worn)
 h - a +0 cloak (worn)
 n - a +0 helmet (worn)
 B - a +0 pair of gloves
Jewellery
 c - an amulet of regeneration (around neck)
 p - a +4 ring of protection (left hand)
 v - a +2 ring of evasion (right hand)
 w - an uncursed ring of wizardry
Wands
 x - a wand of scattershot (9)
Scrolls
 f - 2 scrolls of identify {@r1}
 i - 6 scrolls of remove curse {@r2}
 j - 2 scrolls of enchant armour {unknown}
 k - 2 scrolls of fear {unknown}
 l - 2 scrolls of magic mapping {unknown}
 o - 5 scrolls of enchant weapon {unknown}
 q - 2 scrolls of blinking {unknown}
 r - 4 scrolls of teleportation {unknown}
 y - a scroll of immolation {unknown}
Potions
 e - a potion of ambrosia {unknown}
 g - a potion of brilliance {@q6}
 m - a potion of cancellation {unknown}
 t - a potion of haste {unknown}
 u - a potion of might {@q4}
 z - a potion of magic {unknown}
 A - a potion of resistance {unknown}
Comestibles
 d - 11 rations {@e1}
 C - 3 chunks of flesh


   Skills:
 + Level 5.3 Fighting
 + Level 2.6 Short Blades
 + Level 2.6 Long Blades
 + Level 2.6 Axes
 + Level 2.6 Maces & Flails
 + Level 5.3 Polearms
 + Level 2.6 Staves
 + Level 2.6 Slings
 + Level 2.6 Bows
 + Level 2.6 Crossbows
 + Level 2.6 Throwing
 + Level 3.7 Armour
 + Level 5.3 Dodging
 + Level 2.6 Stealth
 + Level 2.6 Shields
 + Level 2.6 Unarmed Combat
 + Level 5.6 Spellcasting
 + Level 2.1 Conjurations
 + Level 2.1 Hexes
 + Level 5.9 Charms
 + Level 2.1 Summonings
 + Level 2.1 Necromancy
 + Level 2.1 Translocations
 + Level 2.1 Transmutations
 + Level 2.1 Fire Magic
 + Level 2.1 Ice Magic
 + Level 2.1 Air Magic
 + Level 2.1 Earth Magic
 + Level 2.1 Poison Magic
 + Level 2.9 Invocations
 + Level 2.6 Evocations


You had 6 spell levels left.
You knew the following spells:

 Your Spells              Type           Power        Failure   Level  Hunger
a - Infusion              Chrm           ###.         1%          1    None
b - Shroud of Golubria    Chrm/Tloc      ###.......   4%          2    #......
r - Regeneration          Chrm/Necr      ###.......   10%         3    ###....
s - Song of Slaying       Chrm           ###.....     2%          2    #......
w - Spectral Weapon       Hex/Chrm       ###.....     10%         3    ###....

Your spell library contained the following spells:

 Spells                   Type           Power        Failure   Level  Hunger
 Animate Skeleton         Necr           N/A          8%          1    None
 Apportation              Tloc           ##....       8%          1    None
 Confusing Touch          Hex            ##....       8%          1    None
 Summon Small Mammal      Summ           ##..         8%          1    None


Dungeon Overview and Level Annotations

Branches:
Dungeon (6/15)             Temple (1/1) D:4

Altars:
Ashenzari
Cheibriados
Dithmenos
Elyvilon
Fedhas
Gozag
Makhleb
Okawaru
Qazlal
Ru
Sif Muna
Uskayaw
Vehumet
Wu Jian
Xom
Yredelemnul
Zin
The Shining One


Innate Abilities, Weirdness & Mutations

Your experience applies equally to all skills.
You have very sharp teeth.
You take slightly more damage. (AC -5)
Your uncanny sense of smell can sniff out nearby items.


Message History

The orc priest invokes the aid of Beogh against you.
Beogh smites you! The orc closely misses you.
As you read the scroll labeled UFFINL IHYLL, it crumbles to dust.
It is a scroll of identify.
i - 6 scrolls of remove curse You redirect the orc priest's attack!
The orc hits you but does no damage.
It was a potion of might.
You feel very mighty all of a sudden. The orc priest barely misses you.
The orc priest calls down the wrath of Beogh upon you.
Beogh smites you!
* * * LOW HITPOINT WARNING * * *
The orc misses you.
It was a potion of flight.
You feel very buoyant.
You fly up into the air.
The orc priest calls down the wrath of Beogh upon you.
Beogh smites you!
You die...

...## ...# ...#
...## #..)# #.o.#
#oo.# ##@o.#
#...## #####...#
#######....#...#
...........###..#
...........# ###
########...#
#..## ##.#


You could see 3 orc priests and an orc.

Vanquished Creatures
  Sigmund (D:5)
  A centaur (D:5)
  A howler monkey (D:5)
  3 orc priests
  2 worker ants
  2 orc wizards (D:5)
  4 gnolls (D:3)
  8 adders
  A shadow imp (D:5)
  An adder zombie (D:5)
  2 worms (D:3)
  4 dart slugs
  2 leopard geckos
  8 orcs
  6 giant cockroaches
  5 goblins
  6 hobgoblins
  8 jackals (D:5)
  8 kobolds
  3 quokkas
  6 bats
  8 frilled lizards
  A jackal skeleton (D:4)
  2 leopard gecko skeletons
  A quokka skeleton (D:5)
  14 rats
  A plant (D:5)
109 creatures vanquished.

Notes
Turn   | Place    | Note
-------+----------+-------------------------------------------
     0 | D:1      | vatarom the Gnoll Skald began the quest for the Orb.
     0 | D:1      | Reached XP level 1. HP: 20/20 MP: 6/6
   298 | D:1      | Reached XP level 2. HP: 26/26 MP: 4/7
   307 | D:1      | Learned a level 2 spell: Song of Slaying
   310 | D:1      | Learned a level 2 spell: Shroud of Golubria
   824 | D:1      | Reached XP level 3. HP: 31/31 MP: 9/9
   893 | D:2      | Reached skill level 5 in Spellcasting
   900 | D:2      | Learned a level 3 spell: Spectral Weapon
   904 | D:2      | Learned a level 3 spell: Regeneration
   990 | D:2      | Reached skill level 1 in Invocations
  1198 | D:2      | Found a glowing golden altar of the Shining One.
  1285 | D:2      | Found a hide-covered altar of Uskayaw.
  1425 | D:2      | Reached skill level 1 in Short Blades
  1425 | D:2      | Reached skill level 1 in Long Blades
  1425 | D:2      | Reached skill level 1 in Axes
  1425 | D:2      | Reached skill level 1 in Maces & Flails
  1425 | D:2      | Reached skill level 1 in Staves
  1425 | D:2      | Reached skill level 1 in Slings
  1425 | D:2      | Reached skill level 1 in Bows
  1425 | D:2      | Reached skill level 1 in Crossbows
  1425 | D:2      | Reached skill level 1 in Throwing
  1425 | D:2      | Reached skill level 1 in Stealth
  1425 | D:2      | Reached skill level 1 in Shields
  1425 | D:2      | Reached skill level 1 in Unarmed Combat
  1425 | D:2      | Reached skill level 1 in Evocations
  1425 | D:2      | Reached XP level 4. HP: 33/38 MP: 7/11
  2027 | D:3      | Reached skill level 1 in Conjurations
  2027 | D:3      | Reached skill level 1 in Hexes
  2027 | D:3      | Reached skill level 1 in Summonings
  2027 | D:3      | Reached skill level 1 in Necromancy
  2027 | D:3      | Reached skill level 1 in Translocations
  2027 | D:3      | Reached skill level 1 in Transmutations
  2027 | D:3      | Reached skill level 1 in Fire Magic
  2027 | D:3      | Reached skill level 1 in Ice Magic
  2027 | D:3      | Reached skill level 1 in Air Magic
  2027 | D:3      | Reached skill level 1 in Earth Magic
  2027 | D:3      | Reached skill level 1 in Poison Magic
  2120 | D:3      | Reached XP level 5. HP: 43/43 MP: 8/12
  2595 | D:3      | Found a deep blue altar of Sif Muna.
  2596 | D:3      | Found a burning altar of Makhleb.
  2845 | D:4      | Found a sacrificial altar of Ru.
  2929 | D:4      | Became a worshipper of Ru the Awakened
  2948 | D:4      | Found a staircase to the Ecumenical Temple.
  3054 | Temple   | Entered the Ecumenical Temple
  3324 | D:4      | Reached XP level 6. HP: 50/50 MP: 13/13
  3690 | D:5      | Entered Level 5 of the Dungeon
  3850 | D:5      | Reached skill level 5 in Fighting
  3850 | D:5      | Reached skill level 5 in Polearms
  3850 | D:5      | Reached skill level 5 in Dodging
  4058 | D:5      | Reached XP level 7. HP: 26/56 MP: 13/15
  4138 | D:5      | Noticed Sigmund
  4170 | D:5      | Killed Sigmund
  4337 | D:5      | Gained mutation: You take slightly more damage. (AC -5) [Ru
                  | sacrifice]
  4337 | D:5      | Reached * piety under Ru
  5056 | D:6      | Killed from afar by an orc priest

Skill      XL: |  1  2  3  4  5  6  7 |
---------------+----------------------+-----
Spellcasting   | 5 |  5.6
Invocations    | 1 2 |  2.9
Short Blades   | 1 2 |  2.6
Long Blades    | 1 2 |  2.6
Axes           | 1 2 |  2.6
Maces & Flails | 1 2 |  2.6
Staves         | 1 2 |  2.6
Slings         | 1 2 |  2.6
Bows           | 1 2 |  2.6
Crossbows      | 1 2 |  2.6
Throwing       | 1 2 |  2.6
Stealth        | 1 2 |  2.6
Shields        | 1 2 |  2.6
Unarmed Combat | 1 2 |  2.6
Evocations     | 1 2 |  2.6
Conjurations   | 1 2 |  2.1
Hexes          | 1 2 |  2.1
Summonings     | 1 2 |  2.1
Necromancy     | 1 2 |  2.1
Translocations | 1 2 |  2.1
Transmutations | 1 2 |  2.1
Fire Magic     | 1 2 |  2.1
Ice Magic      | 1 2 |  2.1
Air Magic      | 1 2 |  2.1
Earth Magic    | 1 2 |  2.1
Poison Magic   | 1 2 |  2.1
Armour         | 3 |  3.7
Fighting       | 5 |  5.3
Polearms       | 5 |  5.3
Dodging        | 5 |  5.3
Charms         | |  5.9

Action                   |  1- 3 |  4- 6 |  7- 9 || total
-------------------------+-------+-------+-------++-------
Melee: Spear             |   113 |    66 |       ||   179
       Bite              |     8 |    16 |    10 ||    34
       Punch             |     1 |       |       ||     1
       Halberd           |       |    90 |    69 ||   159
 Cast: Infusion          |     8 |       |       ||     8
       Spectral Weapon   |     8 |    16 |     2 ||    26
       Regeneration      |       |     1 |     1 ||     2
Invok: Sacrifice Health  |       |       |     1 ||     1
  Use: Potion            |       |       |     5 ||     5
       Scroll            |       |       |     1 ||     1
 Stab: Sleeping          |     1 |     5 |     1 ||     7
  Eat: Chunk             |     2 |    10 |     1 ||    13
       Ration            |       |       |     1 ||     1
Armor: Leather armour    |    22 |    31 |    15 ||    68
Dodge: Dodged            |    43 |    80 |    24 ||   147
